 Dungeon Crawl Stone Soup version 0.29-a0-307-gecccbbdb84 (webtiles) character file.

Game seed: 11600478011583556599

1675 jmlagarto the Grave Robber (level 8, -4/59 HPs)
             Began as a Mummy Necromancer on Mar 27, 2022.
             Shot with an arrow by a centaur (9 damage)
             ... on level 7 of the Dungeon.
             The game lasted 00:18:17 (6977 turns).

jmlagarto the Grave Robber (Mummy Necromancer)      Turns: 6977, Time: 00:18:18

Health: -4/59      AC:  6    Str: 11    XL:     8   Next: 70%
Magic:  16/16      EV: 13    Int: 23    God:
Gold:   368        SH:  0    Dex: 18    Spells: 15/18 levels left

rFire   x . .      SeeInvis .   b - +7 hunting sling
rCold   + + .      Faith    .   (no shield)
rNeg    + + +      Spirit   .   w - +2 leather armour {rC+}
rPois   ∞          Reflect  .   f - +0 helmet
rElec   .          Harm     .   (no cloak)
rCorr   .          Rampage  .   (no gloves)
Will    +....                   (no boots)
Stlth   ++........              (no amulet)
HPRegen 0.19/turn               t - +6 ring of dexterity
MPRegen 0.15/turn               s - +6 ring of intelligence

@: no status effects
A: cold resistance 1, negative energy resistance 3, torment resistance 2, heat
vulnerability 1, in touch with death 1, no potions
a: no special abilities


You were on level 7 of the Dungeon.
You visited 1 branch of the dungeon, and saw 7 of its levels.

You collected 368 gold pieces.

Inventory:

Hand Weapons
 b - a +7 hunting sling (weapon)
 h - a +2 short sword of draining
Missiles
 i - 13 poisoned darts
Armour
 f - a +0 helmet (worn)
 g - a +0 plate armour
 l - a +2 ring mail of poison resistance
 o - the +0 robe of the Mangosteen {Contam rF++}
   (You found it on level 5 of the Dungeon)

   rF:        It greatly protects you from fire.
   Contam:    It causes magical contamination when unequipped.
 w - a +2 leather armour of cold resistance (worn)
Jewellery
 d - a ring of fire
 s - a +6 ring of intelligence (right hand)
 t - a +6 ring of dexterity (left hand)
Wands
 j - a wand of flame (24)
 u - a wand of polymorph (8)
Scrolls
 a - 2 scrolls of fog
 c - a scroll of enchant weapon
 e - 2 scrolls of fear
 k - 3 scrolls of teleportation
 m - a scroll of summoning
 n - a scroll of vulnerability {unknown}
 p - a scroll of enchant armour {unknown}
 q - a scroll of amnesia {unknown}
 r - a scroll of blinking {unknown}
 v - a scroll of holy word {unknown}
 x - a scroll of noise {unknown}


   Skills:
 + Level 3.6 Fighting
 + Level 3.0 Slings
 + Level 2.9 Armour
 + Level 3.6 Dodging
 - Level 1.8 Stealth
 + Level 5.5 Spellcasting
 + Level 2.5 Hexes
 * Level 7.0 Necromancy


You had 15 spell levels left.
You knew the following spells:

 Your Spells              Type           Power      Damage    Failure   Level
a - Pain                  Necr           100%       1d9       1%          1
b - Animate Skeleton      Necr           100%       N/A       1%          1
c - Slow                  Hex            68%        N/A       4%          1

Your spell library contained the following spells:

 Spells                   Type           Power      Damage    Failure   Level
 Vampiric Draining        Necr           55%        2d9       1%          3
 Animate Dead             Necr           27%        N/A       6%          4
 Dispel Undead            Necr           55%        3d20      6%          4
 Magic Dart               Conj           24%        1d4       12%         1
 Confusing Touch          Hex            17%        N/A       12%         3
 Searing Ray              Conj           12%        2d4       17%         2
 Static Discharge         Conj/Air       6%         N/A       17%         2
 Agony                    Necr           55%        N/A       17%         5
 Fulminant Prism          Conj/Hex       6%         3d7       56%         4
 Sticky Flame             Conj/Fire      6%         2d3       75%         4
 Dispersal                Tloc           3%         N/A       100%        6
 Disjunction              Tloc           3%         N/A       100%        8


Dungeon Overview and Level Annotations

Branches:
Dungeon (7/15)
 Temple: D:4-7

Altars:
Ashenzari

Shops:
D:4 [

Annotations:
D:3 1 runed translucent door, Crazy Yiuf


Innate Abilities, Weirdness & Mutations

You are immune to poison.
Your flesh is cold resistant. (rC+)
You are immune to negative energy. (rN+++)
You are immune to unholy pain and torment.
You are vulnerable to heat. (rF-)
You are in touch with the powers of death.
You do not drink.


Message History

No target in view!
x - a scroll labelled SAUDGHI XOHU A centaur comes into view.
You shoot a sling bullet. The sling bullet hits the centaur!
The centaur shouts!
The centaur is heavily wounded.
You hear a shout!
A centaur comes into view.
The centaur wields a +0 shortbow.
The centaur shoots an arrow.
The arrow hits you.
The centaur shoots an arrow.
The arrow completely misses you.
You see here a +0 dagger.
There is a stone staircase leading down here.
You start resting.
HP restored.
You start waiting.
Done waiting.
You pick up a book of the Warp and begin reading...
You add the spells Dispersal and Disjunction to your library.
There is a stone staircase leading down here.
You see here a +0 dagger.
A centaur comes into view.
The centaur shouts!
You hear a shout! x2
The centaur wields a +0 shortbow.
The centaur shoots an arrow.
The arrow hits you!
You shoot a sling bullet. The centaur shouts!
The sling bullet hits the centaur!
The centaur is moderately wounded.
You hear a shout!
The centaur shoots an arrow.
The arrow hits you!
The centaur wields a +0 shortbow.
The centaur shoots an arrow.
The arrow hits you!
The centaur shoots an arrow.
The arrow hits you!
The centaur shoots an arrow.
The arrow hits you!
* * * LOW HITPOINT WARNING * * *
A centaur comes into view.
The centaur shoots an arrow.
The arrow hits you!
* * * LOW HITPOINT WARNING * * *
The centaur shoots an arrow.
The arrow hits you!
You die...

###.##....≈≈≈≈≈≈
#.......≈≈≈≈≈≈≈≈≈≈≈.c.c
#.......≈≈≈≈≈≈≈≈≈≈≈≈≈cc
#........≈≈≈≈≈≈ ≈≈≈≈≈≈≈
#.##...#....≈≈≈ ≈≈≈≈≈≈≈
#........####.# ≈≈≈≈≈≈≈
#####...#.# #.# .≈≈≈≈..
#.........####.##.......
#.###.##.)##.).@........
#.# #.##..##.#.........#
#.# #....>.....#...#...#
#.# ####.########.## ..#
#.# #.# ## # #.######.#
#........# ##########


You could see a centaur.

Vanquished Creatures
  A wraith (D:5)
  An ice beast (D:6)
  2 sky beasts
  2 ogres
  A black bear (D:6)
  A centaur (D:5)
  A phantom (D:4)
  A scorpion (D:6)
  4 wights (D:6)
  A jelly (D:4)
  A gnoll shaman (D:4)
  A hound (D:5)
  Natasha (thrice) (D:3)
  4 orc wizards
  12 adders
  9 gnolls
  A white imp (D:6)
  3 worms
  5 dart slugs
  14 orcs
  7 ball pythons
  5 bats
  14 endoplasms
  6 goblins
  5 hobgoblins
  5 quokkas
  4 frilled lizards (D:3)
  7 kobolds
  3 rats
124 creatures vanquished.

Vanquished Creatures (collateral kills)
  A gnoll (D:4)
1 creature vanquished.

Vanquished Creatures (others)
  6 plants (D:2)
6 creatures vanquished.

Grand Total: 131 creatures vanquished

Notes
Turn   | Place    | Note
-------+----------+-------------------------------------------
     0 | D:1      | jmlagarto the Mummy Necromancer began the quest for the
                  | Orb.
     0 | D:1      | Reached XP level 1. HP: 13/13 MP: 4/4
   228 | D:1      | Reached XP level 2. HP: 19/19 MP: 6/6
   306 | D:1      | Learned a level 1 spell: Animate Skeleton
   698 | D:1      | Found a faded altar of an unknown god.
   753 | D:1      | Gained mutation: You are in touch with the powers of death.
                  | [Mummy growth]
   753 | D:1      | Reached XP level 3. HP: 25/25 MP: 7/7
  1221 | D:2      | Reached skill level 1 in Fighting
  1224 | D:2      | Reached XP level 4. HP: 32/32 MP: 7/9
  1439 | D:2      | Reached skill level 1 in Slings
  1657 | D:2      | Reached XP level 5. HP: 25/37 MP: 7/10
  2268 | D:3      | Noticed Natasha
  2273 | D:3      | Killed Natasha
  2274 | D:3      | Reached skill level 1 in Armour
  2509 | D:3      | Noticed Natasha
  2514 | D:3      | Killed Natasha
  2617 | D:3      | Found a runed translucent door.
  2618 | D:3      | Noticed Crazy Yiuf
  2860 | D:3      | Noticed Natasha
  2870 | D:3      | Killed Natasha
  2871 | D:3      | Reached skill level 5 in Necromancy
  3212 | D:4      | Reached XP level 6. HP: 28/44 MP: 2/11
  3788 | D:4      | Learned a level 1 spell: Slow
  3997 | D:4      | Found Hisunemo's Armour Boutique.
  4167 | D:4      | Reached XP level 7. HP: 51/51 MP: 13/13
  4268 | D:5      | Entered Level 5 of the Dungeon
  4271 | D:5      | Identified the +0 robe of the Mangosteen {Contam rF++}
  4506 | D:5      | Reached skill level 1 in Hexes
  4827 | D:5      | Noticed a wraith
  4834 | D:5      | Killed a wraith
  4835 | D:5      | Reached skill level 6 in Necromancy
  5667 | D:6      | Reached XP level 8. HP: 58/58 MP: 15/15
  5678 | D:6      | Reached skill level 5 in Spellcasting
  5764 | D:6      | Found a broken altar of Ashenzari.
  6741 | D:6      | Reached skill level 7 in Necromancy
  6977 | D:7      | Shot with an arrow by a centaur

Illustrated notes

Levels and vault maps discovered:
D:1:      dpeg_arrival_court, layout_loops_cross,
          dilly_ecumenical_altar_fadedgnrine
D:2:      layout_basic, serial_bayou, serial_bayou_pond_d,
          serial_bayou_crossing, serial_bayou_ford_a, serial_bayou_shore_a
D:3:      layout_basic, uniq_natasha, uniq_crazy_yiuf_cottage
D:4:      minmay_chambers_of_twos, layout_basic, serial_shops, shop_fountains
D:5:      layout_cave_pools
D:6:      layout_basic, mainiacjoe_overflow_concentric_impassable,
          serial_curves, eino_curves_02, eino_curves_01, eino_curves_02
D:7:      layout_loops_corners, temple_doors_e, minmay_misc_feat_encased,
          dreamdust_wishing_well, centaur_isle, uniq_prince_ribbit1, uniq_joseph

Skill      XL: |  1  2  3  4  5  6  7  8 |
---------------+-------------------------+-----
Spellcasting   | 3 4 5 |  5.5
Dodging        | 2 3 |  3.6
Fighting       | 1 2 3 |  3.6
Slings         | 1 2 3 |  3.0
Armour         | 1 2 |  2.9
Necromancy     | 5 6 7 |  7.0
Hexes          | 1 2 |  2.5
Stealth        | |  1.8

Action                   |  1- 3 |  4- 6 |  7- 9 || total
-------------------------+-------+-------+-------++-------
Melee: Unarmed           |     2 |       |       ||     2
       Short sword       |     4 |       |       ||     4
 Fire: Hunting sling     |    42 |   157 |   141 ||   340
 Cast: Pain              |    16 |    25 |    23 ||    64
       Animate Skeleton  |       |     4 |     4 ||     8
       Slow              |       |       |     1 ||     1
  Use: Scroll            |       |     5 |     1 ||     6
Armor: Robe              |     1 |       |       ||     1
       Leather armour    |     3 |       |     4 ||     7
       Ring mail         |       |    45 |    47 ||    92
Dodge: Dodged            |    15 |    51 |   100 ||   166

Table legend: (Time is in decaauts)
 A = Elapsed time spent in this place.
 B = Non-inter-level travel time spent in this place.
 C = Inter-level travel time spent in this place.
 D = Time resting spent in this place.
 E = Time spent auto-exploring this place.
 F = Levels seen in this place.
 G = Mean time per level.
                   A        B        C        D        E       F      G
               +--------+--------+--------+--------+--------+-----+--------+
         Total |   7177 |   6925 |    252 |    183 |   5683 |   7 | 1025.3 |
       Dungeon |   7177 |   6925 |    252 |    183 |   5683 |   7 | 1025.3 |
               +--------+--------+--------+--------+--------+-----+--------+

Top non-repeatable levels by time:
     D:3: 1473 daAuts
     D:5: 1206 daAuts
     D:6: 1174 daAuts
     D:4: 1084 daAuts
     D:2: 1072 daAuts
     D:1: 988 daAuts
     D:7: 178 daAuts
